 Dungeon Crawl Stone Soup version 0.31-a0-865-g3d5d91748a (webtiles) character file.

Game seed: 9843206291410124207

14 MackTheKnife the Cudgeller (level 2, 0/26 HPs)
             Began as a Draconian Chaos Knight on Oct 10, 2023.
             Was a Plaything of Xom.
             Slain by a jackal (2 damage)
             ... on level 1 of the Dungeon.
             The game lasted 00:00:48 (319 turns).

MackTheKnife the Cudgeller (Draconian Chaos Knight)  Turns: 319, Time: 00:00:48

Health: 0/26       AC:  4    Str: 14    XL:     2   Next: 31%
Magic:  2/2        EV: 12    Int: 12    God:    Xom [..*...]
Gold:   6          SH:  0    Dex: 10    Spells: 1/1 levels left

rFire   . . .        a - +0 mace (chaos) {mace}
rCold   . . .        (no shield)
rNeg    . . .        (body armour unavailable)
rPois   .            (helmet restricted)
rElec   .            (no cloak)
rCorr   .            (no gloves)
SInv    .            (no boots)
Will    .....        (no amulet)
Stlth   +            (no ring)
HPRegen 0.24/turn    (no ring)
MPRegen 0.08/turn

%: no passive effects
@: no status effects
A: AC +4, unfitting armour, cold-blooded
a: Renounce Religion


You were on level 1 of the Dungeon.
You worshipped Xom.
You were a toy of Xom.
You visited 1 branch of the dungeon, and saw 1 of its levels.

You collected 6 gold pieces.


Innate Abilities, Weirdness & Mutations

Your plain brown scales are hard. (AC +4)
You cannot fit into any form of body armour.
You are cold-blooded and may be slowed by cold attacks.


   Skills:
 - Level 3.3 Fighting
 + Level 3.7 Maces & Flails
 - Level 2.1 Dodging


You had one spell level left.
You didn't know any spells.
Your spell library was empty.

Inventory:

Hand Weapons
 a - a +0 mace of chaos (weapon) {mace}

Dungeon Overview and Level Annotations

Branches:
Dungeon (1/15) Zot: 5664

Altars:

......'††...............
#######...........##.....
...#####'#.................
...'.....#....b.....b....>.
...#.###.#....bbb.b.......#
...#.# #.#...bbbb...bbb...#
.###.###.#...b.†..bb.bb.b.+
.###.....+...b>.b..)bbb...##
...#'#####......@h.rb.b.....
.#....##...........b..[.....
.............#######........
###)###......# #........ ...
#......# #b....b.. #...
#.###### #.b...... .... ..#
#....w... #... .#.#
#.......# #.....#.#
#.......#


You could see a quokka (ally target) and a jackal (berserk, fast, strong, ally
target).


Message History

The jackal barely misses you. The quokka bites you. 😕 HP[-1]
You take 1 damage, and now have 20/26 hp.
You closely miss the jackal. The jackal bites you. x2
The dart slug launches a dart at you. The slug dart hits you.
* * * LOW HITPOINT WARNING * * *
The quokka closely misses you. 😨 HP[-9]
You take 9 damage, and now have 11/26 hp.
MASSIVE DAMAGE!! (PAUSE)
You hit the jackal but do no damage.
The jackal seems to speed up.
Xom thinks this is hilarious!
Your tail-slap misses the jackal.
The jackal closely misses you. The jackal barely misses you.
The quokka twitches its whiskers.
The quokka barely misses you. The jackal misses you.
The dart slug bites you but does no damage.
The quokka bites you but does no damage. 😨 HP[+1] Unknown command.
Unknown command.
You barely miss the jackal. The jackal closely misses you.
The jackal bites you.
* * * LOW HITPOINT WARNING * * *
The quokka twitches its whiskers.
The quokka completely misses you. The dart slug launches a dart at you.
The slug dart misses you. 😨 HP[-3]
You take 3 damage, and now have 9/26 hp.
Unknown command.
You hit the jackal but do no damage.
The jackal seems to grow stronger.
The jackal bites you.
* * * LOW HITPOINT WARNING * * *
The jackal closely misses you.
The quokka bites you but does no damage.
The jackal bites you.
* * * LOW HITPOINT WARNING * * *
The dart slug barely misses you.
Unknown command. 😱 HP[-5]
You take 5 damage, and now have 4/26 hp.
Unknown command.
Unknown command.
As you read the scroll of butterflies, it crumbles to dust.
You hear the flapping of tiny wings.
The dart slug is knocked back by the sudden gust.
The quokka is knocked back by the sudden gust.
The jackal is knocked back by the sudden gust.
The jackal barely misses your butterfly.
The quokka misses your butterfly.
The jackal barely misses your butterfly.
You swap places.
The jackal bites your butterfly.
Your butterfly dies!
Your butterfly disappears in a burst of colours!
The quokka bites your butterfly.
Your butterfly dies!
Your butterfly disappears in a burst of colours! 😱 HP[+1]
The jackal bites your butterfly.
Your butterfly dies!
Your butterfly disappears in a burst of colours!
The quokka bites your butterfly.
Your butterfly dies!
Your butterfly disappears in a burst of colours!
The jackal bites your butterfly.
Your butterfly dies!
Your butterfly disappears in a burst of colours!
The quokka bites your butterfly.
Your butterfly dies!
Your butterfly disappears in a burst of colours!
You aren't carrying any items that you can evoke.
Unknown command.
Unknown command.
As you read the scroll labelled TYANKY VASAHA, it crumbles to dust.
It is a scroll of identify.
You don't currently have any unidentified items.
The jackal barely misses your butterfly.
The quokka misses your butterfly.
You swap places. 😱 HP[+1]
You closely miss the jackal.
Your tail-slap misses the jackal.
The jackal barely misses you. x3
You hit the jackal. The jackal barely misses you.
The quokka misses your butterfly. The jackal barely misses you.
You barely miss the jackal.
Your tail-slap misses the jackal.
The jackal bites you.
* * * LOW HITPOINT WARNING * * *
The jackal bites you.
* * * LOW HITPOINT WARNING * * *
The jackal closely misses you. 😱 HP[-5]
You take 5 damage, and now have 1/26 hp.
Unknown command.
You hit the jackal but do no damage.
Nothing appears to happen.
The jackal bites you.
You die...
Xom yawns loudly!

Action                     || total
---------------------------++-------
  Melee: Mace              ||    39
         Tailslap          ||     2
    Use: Scroll            ||     2
 Armour: Skin              ||    25
  Dodge: Dodged            ||    43

Levels and vault maps discovered:
D:1:      matt_arrival_grand_opening, layout_basic,
          dreamdust_ecumenical_altar_sealed_demon,
          chequers_hall_statues_corner_a, st_stairs_3, minmay_misc_feat_rugged,
          minmay_misc_feat_encased

Notes
Turn   | Place    | Note
-------+----------+-------------------------------------------
     0 | D:1      | MackTheKnife the Draconian Chaos Knight began the quest for
                  | the Orb.
     0 | D:1      | Reached XP level 1. HP: 19/19 MP: 1/1
     0 | D:1      | magus.rc [v1.9.6]
    58 | D:1      | XOM: silly message
    75 | D:1      | XOM: silly message
   241 | D:1      | XOM: potion effect (berserk rage)
   247 | D:1      | Reached XP level 2. HP: 26/26 MP: 2/2
   309 | D:1      | HP: 5/26 [jackal (4)]
   318 | D:1      | HP: 2/26 [jackal (4)]
   319 | D:1      | Slain by a jackal

Vanquished Creatures
  A dart slug (D:1)
  A bat (D:1)
  An endoplasm (D:1)
  A hobgoblin (D:1)
  3 jackals (D:1)
  3 kobolds (D:1)
  2 rats (D:1)
12 creatures vanquished.

Table legend:
 A = Non-vault XP
 B = Vault XP
 C = Vault XP percentage of total XP
 D = Non-vault monster count
 E = Vault monster count
 F = Vault count percentage of total count
                 A         B        C        D         E       F
            +---------+---------+-------+---------+---------+-------
      Total |      20 |       1 |   4.8 |      11 |       1 |   8.3
            +---------+---------+-------+---------+---------+-------
        D:1 |      20 |       1 |   4.8 |      11 |       1 |   8.3
            +---------+---------+-------+---------+---------+-------

Action                     || total
---------------------------++-------
  Melee: Mace              ||    39
         Tailslap          ||     2
    Use: Scroll            ||     2
 Armour: Skin              ||    25
  Dodge: Dodged            ||    43

Illustrated notes

Table legend:
 A = Kills in this place as a percentage of kills in the entire game.
 B = Kills by you in this place as a percentage of kills by you in the entire game.
 C = Kills by friends in this place as a percentage of kills by friends in the entire game.
 D = Other kills in this place as a percentage of other kills in the entire game.
 E = Experience gained in this place as a percentage of experience gained in the entire game.
 F = Experience gained in this place divided by the number of levels of this place that you have seen.
                   A       B       C       D       E      F
               +-------+-------+-------+-------+-------+----------------------
         Total | 100.0 | 100.0 |   N/A |   N/A | 100.0 |  21.0
       Dungeon | 100.0 | 100.0 |   N/A |   N/A | 100.0 |  21.0
               +-------+-------+-------+-------+-------+----------------------

Table legend: (Time is in decaauts)
 A = Elapsed time spent in this place.
 B = Non-inter-level travel time spent in this place.
 C = Inter-level travel time spent in this place.
 D = Time resting spent in this place.
 E = Time spent auto-exploring this place.
 F = Levels seen in this place.
 G = Mean time per level.
                   A        B        C        D        E       F      G
               +--------+--------+--------+--------+--------+-----+--------+
         Total |    334 |    334 |      0 |      1 |    246 |   1 |  334.0 |
       Dungeon |    334 |    334 |      0 |      1 |    246 |   1 |  334.0 |
               +--------+--------+--------+--------+--------+-----+--------+

Top non-repeatable levels by time:
     D:1: 334 daAuts
